AoeStats
← sebas4fr

Fortress

509176041Analyzed
4v4 RM · 7d ago on Sep 25, 2026· 88m 24s· 8 players
Game mode
Random Map
Map size
Huge
Population
200
Speed
Normal
Resources
Standard
Victory
Conquest
Starting age
Dark Age
Ending age
Imperial Age
RankedLock teamsTeams togetherTeam positionsShared explorationLock speedFull tech treeHidden civsTurbo modeCheats
Victory
Defeat
🇩🇪 Spanish · Germany
1181
+13
🇩🇪 Byzantines · Germany
1180
+13
🇩🇪 Huns · Germany
1072
+17
🇩🇪 Teutons · Germany
1035
+18
1149
-17
🇨🇴 Ethiopians · Colombia
1101
-15
🇨🇦 Varangians · Canada
1083
-15
🇩🇪 Saxons · Germany
1074
-14
doo
7:36 Feudal Age
11:16 Castle Age
9:42 Town Watch
13:46 Gold Mining
15:26 Town Patrol
15:15 Double-Bit Axe
24:49 Bow Saw
25:36 Fletching
26:04 Crossbowman
28:04 Stone Mining
29:09 Horse Collar
38:06 Imperial Age
38:03 Bodkin Arrow
41:11 Padded Archer Armor
45:44 Ballistics
47:59 Pikeman
48:25 Gambesons
48:26 Arson
48:58 Leather Archer Armor
48:44 Scale Mail Armor
48:54 Forging
48:51 Scale Barding Armor
49:24 Wheelbarrow
51:27 Chemistry
54:19 Chain Mail Armor
54:35 Ring Archer Armor
58:30 Plate Mail Armor
69:41 Halberdier
72:04 Iron Casting
71:50 Chain Barding Armor
75:16 Conscription
78:36 Elite Skirmisher
81:08 Fortified Wall
83:39 Hoardings
83:25 Ironclad
85:06 Siege Engineers
85:12 Masonry
85:43 Plate Barding Armor
86:08 Blast Furnace
Schlumpf
7:19 Feudal Age
11:10 Castle Age
9:52 Bloodlines
9:51 Horse Collar
12:09 Husbandry
13:50 Loom
18:27 Padded Archer Armor
22:07 Leather Archer Armor
25:24 Wheelbarrow
24:34 Town Watch
27:25 Imperial Age
25:33 Wheelbarrow
24:43 Town Watch
25:07 Fletching
28:28 Scale Barding Armor
28:55 Ring Archer Armor
29:41 Elite Conquistador
35:51 Chemistry
38:29 Caravan
38:27 Gold Mining
38:05 Light Cavalry
39:31 Bodkin Arrow
39:46 Forging
41:34 Conscription
40:42 Cavalier
43:04 Inquisition
42:27 Paladin
45:36 Scale Barding Armor
46:40 Forging
47:17 Heavy Plow
47:47 Double-Bit Axe
48:42 Chain Barding Armor
49:56 Masonry
50:45 Hussar
55:06 Plate Barding Armor
55:04 Thumb Ring
57:48 Bow Saw
58:20 Elite Skirmisher
59:02 Bracer
59:05 Murder Holes
61:02 Two-Man Saw
63:45 Hand Cart
63:45 Fortified Wall
65:24 Supremacy
69:03 Town Patrol
72:39 Iron Casting
72:04 Scale Mail Armor
74:41 Coinage
74:21 Guilds
76:28 Chain Mail Armor
77:13 Blast Furnace
76:53 Hoardings
76:24 Town Patrol
79:03 Stone Mining
83:09 Plate Mail Armor
87:12 Banking
87:20 Elite Skirmisher
87:20 Heavy Mounted Crossbowman
88:38 Banking
88:16 Inquisition
Nici
8:14 Feudal Age
12:13 Castle Age
10:19 Horse Collar
10:50 Double-Bit Axe
12:56 Heavy Plow
13:08 Bow Saw
13:35 Loom
15:10 Fervor
18:31 Scale Barding Armor
23:14 Forging
23:59 Chain Barding Armor
24:57 Iron Casting
24:39 Gold Mining
25:27 Wheelbarrow
25:20 Fletching
27:24 Gold Shaft Mining
31:05 Imperial Age
29:07 Husbandry
29:06 Bodkin Arrow
30:08 Caravan
30:34 Fortified Wall
30:11 Light Cavalry
31:14 Scale Mail Armor
31:16 Padded Archer Armor
32:25 Hand Cart
32:43 Crop Rotation
32:54 Plate Barding Armor
31:42 Elite Cataphract
32:43 Conscription
34:46 Two-Man Saw
34:07 Logistica
34:18 Conscription
34:45 Guilds
35:05 Coinage
34:29 Stone Mining
34:43 Bracer
35:08 Ballistics
34:29 Treadmill Crane
34:45 Murder Holes
40:18 Leather Archer Armor
40:18 Chain Mail Armor
39:37 Elite Skirmisher
40:23 Thumb Ring
41:52 Banking
42:40 Ring Archer Armor
42:41 Plate Mail Armor
45:00 Chemistry
43:57 Guard Tower
52:02 Hoardings
54:49 Pikeman
55:29 Squires
55:15 Arson
55:21 Arrowslits
56:12 Keep
JohnnyBeGood
6:43 Feudal Age
10:58 Castle Age
9:48 Double-Bit Axe
10:03 Horse Collar
12:42 Bow Saw
12:34 Heavy Plow
13:09 Loom
21:04 Scale Barding Armor
21:57 Bloodlines
23:05 Wheelbarrow
23:11 Gold Mining
24:24 Marauders
24:46 Chain Barding Armor
24:42 Forging
25:51 Husbandry
25:43 Fletching
27:35 Gold Shaft Mining
27:35 Masonry
29:40 Hand Cart
29:30 Town Watch
33:55 Imperial Age
31:09 Light Cavalry
33:01 Stone Mining
33:43 Squires
34:41 Iron Casting
34:03 Bodkin Arrow
35:08 Town Patrol
36:13 Plate Barding Armor
36:29 Conscription
36:21 Hussar
37:30 Elite Tarkan
37:35 Elite Skirmisher
39:12 Ballistics
40:25 Bracer
41:26 Blast Furnace
41:36 Padded Archer Armor
44:25 Caravan
44:20 Capped Ram
45:19 Siege Ram
50:07 Chemistry
51:04 Leather Archer Armor
52:07 Guilds
54:12 Coinage
56:02 Banking
61:49 Thumb Ring
61:58 Murder Holes
73:39 Heavy Cavalry Archer
74:45 Parthian Tactics
76:57 Atheism
julianSD7
8:36 Feudal Age
9:35 Double-Bit Axe
12:28 Castle Age
11:09 Horse Collar
12:16 Scale Mail Armor
12:27 Forging
13:37 Chain Mail Armor
18:55 Squires
20:26 Royal Heirs
21:16 Iron Casting
22:02 Arson
23:35 Wheelbarrow
25:53 Hand Cart
25:24 Loom
32:18 Imperial Age
30:17 Crossbowman
30:49 Fletching
31:03 Padded Archer Armor
31:47 Bodkin Arrow
32:04 Thumb Ring
33:04 Leather Archer Armor
33:45 Conscription
33:19 Arbalester
34:34 Bracer
35:10 Bow Saw
35:07 Heavy Plow
36:43 Ballistics
36:42 Guilds
37:36 Chemistry
36:43 Siege Engineers
38:40 Ring Archer Armor
38:23 Masonry
38:08 Murder Holes
38:05 Gold Mining
38:06 Stone Mining
39:17 Two-Man Saw
40:00 Husbandry
39:21 Light Cavalry
39:23 Heavy Camel Rider
40:50 Torsion Engines
40:58 Scale Barding Armor
42:24 Blast Furnace
41:55 Plate Mail Armor
43:37 Hussar
44:41 Chain Barding Armor
43:45 Elite Skirmisher
44:04 Halberdier
45:10 Town Watch
46:03 Gold Shaft Mining
46:04 Stone Shaft Mining
74:32 Town Patrol
The Viper (Minus quick walls)
6:42 Loom
8:28 Feudal Age
14:16 Castle Age
15:04 Wheelbarrow
15:25 Double-Bit Axe
15:45 Horse Collar
16:58 Fletching
17:09 Padded Archer Armor
17:36 Bodkin Arrow
19:24 Leather Archer Armor
19:08 Gold Mining
19:35 Bow Saw
20:29 Wheelbarrow
22:44 Ballistics
27:43 Imperial Age
26:52 Heavy Plow
26:47 Stone Mining
28:51 Bracer
30:08 Conscription
31:00 Elite Mangudai
32:48 Caravan
34:45 Chemistry
37:53 Elite Skirmisher
42:03 Thumb Ring
42:22 Hand Cart
44:04 Bloodlines
43:55 Husbandry
44:46 Parthian Tactics
50:45 Onager
54:54 Drill
71:22 Siege Engineers
Gelbe Wand
4:17 Loom
7:23 Feudal Age
11:27 Castle Age
10:05 Double-Bit Axe
11:20 Horse Collar
19:05 Heavy Plow
20:32 Squires
22:04 Wheelbarrow
23:35 Hand Cart
23:27 Stone Mining
23:35 Gold Mining
24:23 Forging
24:31 Scale Mail Armor
26:25 Gold Shaft Mining
30:29 Imperial Age
28:51 Chain Mail Armor
29:11 Iron Casting
29:25 Bow Saw
29:18 Man-at-Arms
30:01 Long Swordsman
30:30 Shield Wall
30:48 Two-Handed Swordsman
31:42 Elite Hearth Troop
33:42 Plate Mail Armor
33:19 Champion
34:42 Conscription
37:16 Elite Varangian Guard
46:51 Crop Rotation
47:26 Two-Man Saw
59:59 Caravan
63:28 Light Cavalry
64:25 Bloodlines
64:43 Husbandry
66:51 Hussar
67:50 Scale Barding Armor
70:36 Chain Barding Armor
86:03 Pikeman
86:59 Onager
sebas4fr
2:46 Loom
7:52 Feudal Age
11:29 Castle Age
9:44 Double-Bit Axe
10:13 Horse Collar
11:26 Forging
11:16 Scale Mail Armor
12:06 Wheelbarrow
11:17 Town Watch
29:01 Scale Barding Armor
29:06 Forging
29:49 Gold Mining
30:46 Forging
31:28 Chain Barding Armor
31:52 Bow Saw
37:11 Imperial Age
35:08 Hand Cart
34:53 Town Patrol
34:54 Fletching
35:04 Padded Archer Armor
35:11 Padded Archer Armor
35:03 Elite Skirmisher
35:32 Pikeman
36:14 Squires
37:05 Iron Casting
36:36 Scale Mail Armor
38:20 Conscription
38:06 Elite Jarl
41:02 Bodkin Arrow
41:22 Leather Archer Armor
41:23 Chain Mail Armor
42:21 Bracer
46:12 Gambesons
47:35 Plate Mail Armor
48:44 Blast Furnace
48:59 Halberdier
51:11 Two-Man Saw
51:10 Elite Varangian Guard
55:12 Arson
58:06 Chemistry
58:35 Ring Archer Armor
62:08 Heavy Plow
65:56 Crop Rotation
66:43 Fortified Wall
66:44 Masonry
67:38 Guilds
69:51 Coinage
70:22 Caravan
71:41 Stone Mining
85:56 Gothikon
Connection lost

Rejoining the realm…

Still unreachable

The connection could not be restored.

Session expired

The server has moved on; the page needs a fresh start.